 Dungeon Crawl Stone Soup version 0.22-a0-422-g9628fc87f1 (webtiles) character file.

169 Kriby the Chopper (level 5, -2/47 HPs)
             Began as a Hill Orc Monk on May 17, 2018.
             Slain by an ogre
             ... wielding a +0 giant spiked club
              (26 damage)
             ... on level 4 of the Dungeon.
             The game lasted 00:03:21 (3235 turns).

Kriby the Chopper (Hill Orc Monk)                   Turns: 3235, Time: 00:03:22

Health: -2/47      AC:  3    Str: 15    XL:     5   Next: 50%
Magic:  5/5        EV: 10    Int: 10    God:
Gold:   234        SH: 10    Dex: 13    Spells: 4/4 levels left

rFire    . . .     SeeInvis .   a - +1 hand axe
rCold    . . .     Gourm    .   i - +2 shield
rNeg     . . .     Faith    .   e - +0 leather armour
rPois    .         Spirit   .   (no helmet)
rElec    .         Reflect  .   (no cloak)
rCorr    .         Harm     .   (no gloves)
MR       .....                  (no boots)
Stlth    ++........             (no amulet)
HPRegen  0.15/turn              (no ring)
MPRegen  0.09/turn              (no ring)

@: flying (expiring)
A: no striking features
a: no special abilities


You were on level 4 of the Dungeon.
You were not hungry.

You visited 1 branch of the dungeon, and saw 4 of its levels.

You collected 234 gold pieces.

Inventory:

Hand Weapons
 a - a +1 hand axe (weapon)
Armour
 b - a +0 robe
 e - a +0 leather armour (worn)
 i - a +2 shield (worn)
Jewellery
 j - a cursed ring of loudness {unknown}
Scrolls
 d - a scroll of amnesia
 h - 2 scrolls of identify
 l - a scroll of fear
 n - a scroll of enchant weapon
Potions
 g - a potion of brilliance
 m - a potion of curing
Comestibles
 c - 2 rations
 f - 5 chunks of flesh


   Skills:
 + Level 4.6 Fighting
 + Level 5.1 Axes
 + Level 2.4 Armour
 + Level 3.1 Dodging
 - Level 1.5 Stealth
 + Level 1.5 Shields


You had 4 spell levels left.
You didn't know any spells.
Your spell library was empty.

Dungeon Overview and Level Annotations

Branches:
Dungeon (4/15)
 Temple: D:4-7

Altars:
Zin

Annotations:
D:3 Banto's ghost, amateur OpEE


Message History

You kill the orc!
An ogre is nearby!
An ogre is nearby!
The ogre hits you with a giant spiked club!!
Ouch! That really hurt!
You are too injured to fight recklessly!
The ogre closely misses you.
You aren't carrying any items that you can evoke.
As you read the scroll labeled YMYAT ZONKEYL YSY, it crumbles to dust.
You feel blessed for a moment.
It was a scroll of remove curse.
Okay, then.
You see here a giant spiked club.
Your shield prevents you from hitting the ogre.
You are starting to lose your buoyancy.
You block the ogre's attack.
You slash the ogre!
The ogre is moderately wounded.
The ogre hits you with a giant spiked club!!
Ouch! That really hurt!
You die...

#....... #####..#
########..#
..........#
###############..#
#................#
#.################
#.# #@# #O# #.#
####.# #....# #.
#.#### #. #.# #.#
..## #.# #.# #...
#.# #.#


You could see an ogre.

Vanquished Creatures
  An ogre (D:4)
  An adder (D:2)
  2 oozes (D:2)
  3 worms (D:2)
  4 dart slugs
  3 leopard geckos
  2 orcs
  3 giant cockroaches
  5 goblins
  10 hobgoblins
  A quokka (D:2)
  A ball python (D:1)
  4 bats
  3 frilled lizards
  3 kobolds
  8 rats
54 creatures vanquished.

Notes
Turn   | Place    | Note
-------+----------+-------------------------------------------
     0 | D:1      | Kriby the Hill Orc Monk began the quest for the Orb.
     0 | D:1      | Reached XP level 1. HP: 19/19 MP: 1/1
   197 | D:1      | Reached XP level 2. HP: 11/27 MP: 2/2
   583 | D:1      | Reached skill level 1 in Armour
   792 | D:1      | Reached XP level 3. HP: 32/33 MP: 3/3
  1661 | D:2      | Reached XP level 4. HP: 39/40 MP: 4/4
  2421 | D:3      | Noticed Banto's ghost (amateur OpEE)
  3179 | D:4      | Noticed an ogre
  3189 | D:4      | Killed an ogre
  3189 | D:4      | Reached skill level 5 in Axes
  3189 | D:4      | Reached skill level 1 in Shields
  3189 | D:4      | Reached XP level 5. HP: 47/47 MP: 5/5
  3204 | D:4      | Noticed an ogre
  3208 | D:4      | Found a glowing silver altar of Zin.
  3235 | D:4      | Slain by an ogre

Vault maps used:
D:1:      wheals_arrival_linesprint
D:2:      minmay_misc_feat_ornament
D:3:      minmay_misc_feat_hallway
D:4:      zin_statuary, grunt_temple_overflow_diamond, first_ration,
          kennysheep_slug_shrine

Skill      XL: |  1  2  3  4 |
---------------+-------------+-----
Armour         | 1 2 |  2.4
Fighting       | 4 |  4.6
Axes           | 5 |  5.1
Dodging        | 3 |  3.1
Shields        | 1 |  1.5
Stealth        | |  1.5

Action                   |  1- 3 |  4- 6 || total
-------------------------+-------+-------++-------
Melee: Hand axe          |   132 |    71 ||   203
  Use: Scroll            |       |     6 ||     6
       Potion            |       |     4 ||     4
 Stab: Sleeping          |     2 |     3 ||     5
       Distracted        |       |     1 ||     1
  Eat: Chunk             |     2 |     5 ||     7
Armor: Robe              |     1 |       ||     1
       Leather armour    |    30 |    15 ||    45
Dodge: Dodged            |    71 |    23 ||    94
Block: Shield            |    19 |    39 ||    58

Table legend:
 A = Spawn XP
 B = Non-spawn XP
 C = Spawn XP percentage of total XP
 D = Spawn monster count
 E = Non-spawn monster count
 F = Spawn count percentage of total count
 G = Total turns spent on level
                    A         B        C        D         E        F      G
               +---------+---------+-------+---------+---------+-------+---------
         Total |       0 |     242 |   0.0 |       0 |      54 |   0.0 |  3235
               +---------+---------+-------+---------+---------+-------+---------
           D:1 |       0 |      45 |   0.0 |       0 |      24 |   0.0 |  1056
           D:2 |       0 |      69 |   0.0 |       0 |      19 |   0.0 |  1180
           D:3 |       0 |      13 |   0.0 |       0 |       9 |   0.0 |   861
           D:4 |       0 |     115 |   0.0 |       0 |       2 |   0.0 |   138
               +---------+---------+-------+---------+---------+-------+---------
